 Dungeon Crawl Stone Soup version 0.31-a0-542-gdc2a67831c (webtiles) character file.

Game seed: 4509833092795413256

1092 Arcadio the Shooter (level 8, -2/55 (67) HPs)
             Began as a Formicid Hunter on Aug 14, 2023.
             Was a Follower of Ashenzari.
             Slain by a wight
             ... wielding a +4 short sword of freezing
              (3 damage)
             ... on level 5 of the Dungeon.
             The game lasted 00:23:06 (5193 turns).

Arcadio the Shooter (Formicid Hunter)               Turns: 5193, Time: 00:23:07

HP:   -2/55 (67)    AC:  3    Str: 17    XL:     8   Next: 56%
MP:   8/8           EV: 17    Int:  8    God:    Ashenzari [*.....]
Gold: 200           SH:  0    Dex: 19    Spells: 7/7 levels left

rFire   . . .        a - +0 arbalest
rCold   . . .        (no shield)
rNeg    . . .        c - +0 leather armour
rPois   .            (helmet unavailable)
rElec   .            (no cloak)
rCorr   .            (no gloves)
SInv    +            (no boots)
Will    .....        v - amulet of the Elysian Seer {Acrobat, Alch, Self} (curse)
Stlth   ++           p - ring of the Revealing Stoicism {EV+5, Melee, Self} (curse)
HPRegen 0.29/turn    x - ring of flight
MPRegen 0.11/turn

%: acrobat
@: flying, heavily drained
A: permanent stasis, dig shafts and tunnels, antennae 3, four strong arms
a: Dig, Shaft Self, Renounce Religion, Shatter the Chains


You were on level 5 of the Dungeon.
You worshipped Ashenzari.
Ashenzari was aware of your devotion.
You visited 1 branch of the dungeon, and saw 6 of its levels.

You collected 200 gold pieces.

Inventory:

Hand Weapons
 a - a +0 arbalest (weapon)
 b - a +0 short sword
 f - a +0 dagger
 C - a +3 halberd of freezing
 D - a +3 long sword
Armour
 c - a +0 leather armour (worn)
 q - a +0 ring mail
 z - a +0 chain mail
Jewellery
 j - a +6 ring of dexterity
 o - a ring of resist corrosion
 p - the cursed ring of the Revealing Stoicism (left hand) {EV+5, Melee, Self}
   (You found it on level 3 of the Dungeon)

   [ring of evasion]

   EV+5:      It affects your evasion (+5).
   It has a curse which improves the following skills: Melee Combat: Short
   Blades, Long Blades, Axes, Maces & Flails, Polearms, Staves and Unarmed
   Combat.
   Introspection: Fighting and Spellcasting.
 v - the cursed amulet of the Elysian Seer (around neck) {Acrobat, Alch, Self}
   (You found it on level 3 of the Dungeon)

   [amulet of the acrobat]

   Acrobat:   It increases your evasion while moving and waiting.
   It has a curse which improves the following skills: Alchemy: Poison Magic and
   Transmutations.
   Introspection: Fighting and Spellcasting.
 x - a ring of flight (right hand)
Wands
 y - a wand of acid (2)
Scrolls
 d - a scroll of butterflies
 h - a scroll of enchant weapon
 i - 2 scrolls of poison
 m - a scroll of immolation
 n - 2 scrolls of amnesia
 r - 6 scrolls of identify
 s - a scroll of revelation
 t - a scroll of silence
 w - 2 scrolls of vulnerability
Potions
 e - a potion of might
 g - 2 potions of invisibility
 k - 2 potions of resistance
 l - 3 potions of curing
 A - a potion of mutation
 B - a potion of magic


   Skills:
 + Level 6.4(7.6) Fighting
 + Level 6.8 Ranged Weapons
 + Level 5.7 Armour
 - Level 1.7 Dodging
 - Level 1.2 Stealth


You had 7 spell levels left.
You didn't know any spells.
Your spell library contained the following spells:

 Spells                   Type           Power      Damage    Failure   Level
 Ensorcelled Hibernation  Hex/Ice        0%         N/A       61%         2
 Lesser Beckoning         Tloc           0%         N/A       61%         2
 Momentum Strike          Conj/Tloc      0%         3d8       61%         2
 Passwall                 Tmut/Erth      0%         N/A       61%         2
 Blink                    Tloc           Unusable   N/A       N/A         2
 Swiftness                Air            Unusable   N/A       N/A         3

Dungeon Overview and Level Annotations

Branches:
Dungeon (6/15) Zot: 24849
 Temple: D:4-7

Altars:
Ashenzari
Makhleb
Xom
The Shining One

Shops:
D:1 [

Annotations:
D:3 2 transporters, bmj180's ghost, amateur MfSu
D:5 exclusion: water moccasin


Innate Abilities, Weirdness & Mutations

You cannot be hasted, slowed, berserked, paralysed or teleported.
You can dig through walls and to a lower floor.
You have a pair of large antennae on your head. (SInv)
Your four strong arms can wield two-handed weapons with a shield.


Message History

You shoot a bolt. The bolt hits the wight!
The wight is heavily damaged.
The wight hits you with a +4 short sword of freezing!
* * * LOW HITPOINT WARNING * * *
The wight freezes you.
* * * LOW HITPOINT WARNING * * *
Okay, then.
You feel much better. The wight misses you.
Fire: a) +0 arbalest
Press: ? - help, Q - select action, (/) - cycle Shift-Dir - straight line, f/p - wight
Aim: a wight, wielding a +4 short sword of freezing and wearing a +0 robe (heavily damaged, 63% to hit)
You shoot a bolt. The bolt hits the wight.
The wight is almost destroyed.
The wight misses you.
The wight hits you with a +4 short sword of freezing.
You feel drained. The wight freezes you.
Fire: a) +0 arbalest
Press: ? - help, Q - select action, (/) - cycle Shift-Dir - straight line, f/p - wight
Aim: a wight, wielding a +4 short sword of freezing and wearing a +0 robe (almost destroyed, 63% to hit)
You shoot a bolt.
The bolt hits the wight but does no damage.
The wight is almost destroyed.
The wight hits you with a +4 short sword of freezing!
You feel drained. The wight freezes you.
* * * LOW HITPOINT WARNING * * *
Fire: a) +0 arbalest
Press: ? - help, Q - select action, (/) - cycle Shift-Dir - straight line, f/p - wight
Aim: a wight, wielding a +4 short sword of freezing and wearing a +0 robe (almost destroyed, 63% to hit)
You shoot a bolt. The bolt completely misses the wight.
The wight misses you. x2
Fire: a) +0 arbalest
Press: ? - help, Q - select action, (/) - cycle Shift-Dir - straight line, f/p - wight
Aim: a wight, wielding a +4 short sword of freezing and wearing a +0 robe (almost destroyed, 63% to hit)
You shoot a bolt. The bolt barely misses the wight.
The wight hits you with a +4 short sword of freezing!
* * * LOW HITPOINT WARNING * * *
You feel drained.
* * * LOW HITPOINT WARNING * * *
The wight freezes you.
You die...

.............#.......#...<......#
.....##.###...+.._.......######.#
.............##......#........#.#
.........#....#.....##...#.##.#.#
#####.#......####'#..#.....##.#.#
####+#[.#...###..#.##..##.#....#
#......##.................######
#......................####
#.....##.#<####@##.###.#
#........#.# #z##.#...#
#......#.#.####..>.#.###
#......###...........# #.....##
#...........##### #......#
#...............#
#......###.#############.#
##........#.# #.####
.....####.#.# #....#


You could see a wight.

Vanquished Creatures
  Sigmund (D:4)
  A phantom (D:5)
  A kobold brigand (D:6)
  3 wights
  5 jellies
  A crimson imp (D:5)
  3 iron imps
  2 iguanas
  2 sleepcaps
  Ijyb (D:5)
  An orc wizard (D:4)
  Robin (D:2)
  7 adders
  A white imp (D:4)
  A worm (D:2)
  2 dart slugs
  17 orcs
  13 ball pythons
  5 bats
  7 endoplasms
  4 giant cockroaches
  12 goblins
  11 hobgoblins
  3 jackals (D:4)
  2 quokkas
  2 frilled lizards
  3 goblin skeletons (D:5)
  4 goblin zombies (D:5)
  A hobgoblin zombie (D:5)
  3 kobolds
  2 kobold skeletons (D:5)
  An orc zombie (D:5)
  6 rats
129 creatures vanquished.

Notes
Turn   | Place    | Note
-------+----------+-------------------------------------------
     0 | D:1      | Arcadio the Formicid Hunter began the quest for the Orb.
     0 | D:1      | Reached XP level 1. HP: 16/16 MP: 1/1
    52 | D:1      | Reached XP level 2. HP: 23/23 MP: 2/2
   199 | D:1      | Reached skill level 1 in Armour
   216 | D:1      | Found Tihiox's Armour Shoppe.
   314 | D:1      | Reached XP level 3. HP: 28/28 MP: 3/3
   386 | D:1      | Found a faded altar of an unknown god.
   408 | D:1      | Prayed at the altar of an unknown god.
   408 | D:1      | Became a worshipper of Ashenzari the Shackled
   736 | D:2      | Reached XP level 4. HP: 35/35 MP: 4/4
   829 | D:2      | Noticed Robin
   845 | D:2      | You fall into a shaft and drop 1 floor!
  1025 | D:3      | Identified the +1 hat of Lorofaf {rF- rC- Will+++ Str+3}
  1713 | D:2      | Killed Robin
  1714 | D:2      | Reached XP level 5. HP: 40/41 MP: 5/5
  1856 | D:3      | Found a transporter.
  2140 | D:3      | Found a transporter.
  2143 | D:3      | Noticed bmj180's ghost (amateur MfSu)
  2397 | D:4      | Reached * piety under Ashenzari
  2415 | D:4      | Reached skill level 5 in Ranged Weapons
  2436 | D:4      | Reached XP level 6. HP: 48/50 MP: 6/6
  2584 | D:4      | Noticed Sigmund
  3017 | D:4      | You fall into a shaft and drop 1 floor!
  3017 | D:5      | Entered Level 5 of the Dungeon
  3173 | D:5      | Found a glowing golden altar of the Shining One.
  3217 | D:5      | Reached XP level 7. HP: 56/56 MP: 7/7
  3316 | D:5      | Noticed Ijyb
  3324 | D:5      | Killed Ijyb
  3587 | D:5      | Noticed a water moccasin
  3883 | D:4      | Killed Sigmund
  3884 | D:4      | Reached skill level 5 in Fighting
  4148 | D:5      | Found a burning altar of Makhleb.
  4326 | D:6      | Reached XP level 8. HP: 58/60 MP: 8/8
  4338 | D:6      | Found a shimmering altar of Xom.
  4355 | D:6      | Reached skill level 5 in Armour
  4859 | D:5      | HP: 1/66 [wight/+3 long sword (16)]
  5188 | D:5      | HP: 2/61 [wight/+4 short sword of freezing (5)]
  5193 | D:5      | HP: 1/55 [wight/+4 short sword of freezing (2)]
  5193 | D:5      | Slain by a wight

Illustrated notes

Levels and vault maps discovered:
D:1:      ebering_trefoil_twist, layout_loops_ring, serial_shops, shop,
          shapermc_ecumenical_altar_notcrosses
D:2:      layout_loops_ring, minmay_ruptured, uniq_robin
D:3:      layout_loops_cross, gammafunk_ghost_mausoleum
D:4:      layout_loops_ring, uniq_sigmund
D:5:      layout_basic, nicolae_tso_besieged_by_evil, demons_altar,
          serial_rivers, chequers_serial_rivers_small_3,
          chequers_serial_rivers_micro_a, chequers_serial_rivers_marsh,
          chequers_serial_rivers_micro_c, uniq_ijyb
D:6:      layout_cave_pools, mainiacjoe_overflow_24_doors,
          nicolae_overflow_guarded_unrand_okawaru_victory, dk_xom_monty_hall,
          minmay_temple_entry_glass, minmay_diced_spiral, uniq_jeremiah

Skill      XL: |  1  2  3  4  5  6  7  8 |
---------------+-------------------------+-----
Armour         | 1 2 3 4 5 |  5.7
Fighting       | 3 4 5 6 |  6.4
Ranged Weapons | 5 6 |  6.8
Dodging        | |  1.7
Stealth        | |  1.2

Action                     |  1- 3 |  4- 6 |  7- 9 || total
---------------------------+-------+-------+-------++-------
  Melee: Short sword       |    21 |     6 |       ||    27
         Dagger            |     1 |       |       ||     1
   Fire: Shortbow          |    68 |   215 |       ||   283
         Arbalest          |       |    22 |    85 ||   107
 Invoke: Curse Item        |     1 |     1 |     1 ||     3
         Shatter the Chain |       |     1 |       ||     1
Ability: Dig               |     1 |       |     1 ||     2
         Shaft Self        |       |     2 |       ||     2
    Use: Scroll            |       |     7 |       ||     7
         Potion            |       |       |     1 ||     1
 Armour: Leather armour    |     4 |    14 |     3 ||    21
  Dodge: Dodged            |    16 |   130 |    56 ||   202

Table legend: (Time is in decaauts)
 A = Elapsed time spent in this place.
 B = Non-inter-level travel time spent in this place.
 C = Inter-level travel time spent in this place.
 D = Time resting spent in this place.
 E = Time spent auto-exploring this place.
 F = Levels seen in this place.
 G = Mean time per level.
                   A        B        C        D        E       F      G
               +--------+--------+--------+--------+--------+-----+--------+
         Total |   5314 |   4996 |    318 |   1001 |   2474 |   6 |  885.7 |
       Dungeon |   5314 |   4996 |    318 |   1001 |   2474 |   6 |  885.7 |
               +--------+--------+--------+--------+--------+-----+--------+

Top non-repeatable levels by time:
     D:5: 1706 daAuts
     D:4: 1021 daAuts
     D:2: 842 daAuts
     D:3: 776 daAuts
     D:1: 696 daAuts
     D:6: 271 daAuts
